 Dungeon Crawl Stone Soup version 0.17-a0-1141-g3e25b61 (webtiles) character file.

752 Fluffy the Schismatic (level 7, -6/55 HPs)
             Began as a Demonspawn Abyssal Knight on May 26, 2015.
             Was an Elder of Lugonu.
             Mangled by an ice beast (9 damage)
             ... on level 4 of the Dungeon.
             The game lasted 00:10:22 (4230 turns).

Fluffy the Schismatic (Demonspawn Abyssal Knight)   Turns: 4230, Time: 00:10:23

Health: -6/55      AC: 12    Str: 14    XL:     7   Next: 49%
Magic:  0/11       EV:  5    Int: 14    God:    Lugonu [****..]
Gold:   174        SH:  0    Dex: 12    Spells: 0 memorised, 6 levels left

rFire  . . .     SeeInvis .     a - +2 falchion
rCold  . . .     Clarity  .     d - +0 plate armour
rNeg   . . .     SustAt   .     (no shield)
rPois  .         Gourm    .     (no helmet)
rElec  .         Spirit   +     (no cloak)
rCorr  .         Warding  .     e - +0 pair of gloves (curse)
rMut   .         Stasis   .     (no boots)
MR     .....                    (no amulet)
Stlth  ..........               (no ring)
                                (no ring)

@: not resistant to hostile enchantments, extremely unstealthy
A: talons 2, magic shield
a: Depart the Abyss, Bend Space, Banish, Corrupt, Renounce Religion


You were on level 4 of the Dungeon.
You worshipped Lugonu.
Lugonu was greatly pleased with you.
You were not hungry.

You visited 1 branch of the dungeon, and saw 4 of its levels.
You visited the Abyss 1 time.
You also visited: Ossuary.

You collected 174 gold pieces.

Inventory:

Hand weapons
 a - a +2 falchion (weapon)
Armour
 d - a +0 plate armour (worn)
 e - a cursed +0 pair of gloves (worn)
Scrolls
 j - a scroll of immolation
 k - a scroll of amnesia
 r - 2 scrolls of recharging
Potions
 b - a potion of degeneration {unknown}
 f - a potion of mutation {unknown}
 g - 7 potions of curing
 i - a potion of haste {unknown}
 l - a potion of invisibility {unknown}
 n - a potion of lignification {unknown}
 q - a potion of magic {unknown}
 s - a potion of cancellation {unknown}
 t - 2 potions of might {unknown}
Books
 p - a book of Party Tricks

   Spells                             Type                      Level
   a - Summon Butterflies             Summoning                    1
   b - Apportation                    Translocation                1
   c - Tukima's Dance                 Hexes                        3
   d - Alistair's Intoxication        Transmutation/Poison         4
   e - Invisibility                   Hexes                        6
Comestibles
 c - 4 bread rations
 h - 3 meat rations
 o - a slice of pizza


   Skills:
 + Level 4.8 Fighting
 + Level 3.6 Long Blades
 + Level 3.8 Armour
 + Level 3.2 Dodging
 + Level 5.4 Invocations


You had 6 spell levels left.
You didn't know any spells.

Dungeon Overview and Level Annotations

Branches:
Dungeon (4/15)
 Temple: D:4-7

Altars:

Annotations:
D:4 totalnoob's ghost, experienced DsFi


Innate Abilities, Weirdness & Mutations

You have razor-sharp toenails.
When hurt, damage is shared between your health and your magic reserves.


Message History

You hit the ice beast.
The ice beast is severely wounded.
The ice beast hits you but does no damage.
Your plate armour prevents you from hitting the ice beast.
Your kick misses the ice beast.
The ice beast is severely wounded.
The ice beast hits you but does no damage.
You closely miss the ice beast. You claw the ice beast.
The ice beast is severely wounded.
The ice beast hits you but does no damage.
You hit the ice beast but do no damage.
The ice beast is severely wounded.
The ice beast hits you. The ice beast freezes you!
* * * LOW HITPOINT WARNING * * *
You hit the ice beast.
The ice beast is severely wounded.
The ice beast hits you.
* * * LOW HITPOINT WARNING * * *
The ice beast freezes you!
You die...

#.8..........'..,
#............#**,
######............# *,
#....#..888.......# *,
#....#.##.####....###+
#....#.##....#........
#....#..'....#........
*****#...Y####....#........
*,,,,+....@.......#...<##..
**,**#....#...>............
*,* #..[.#.....#.#.....#..
*,**#....#.....#.#.....#..
*,,,+....+.....#+#.....#..
****#....#.#+##...........
*#....#.#,**...........
***.?...#.#,,............
*,,,8,,,*,,,,..........#.


You could see an ice beast.

Vanquished Creatures
  4 water moccasin zombies (Ossuary)
  2 giant frog zombies (D:4)
  A centaur skeleton (D:4)
  A giant frog skeleton (D:4)
  Natasha (D:3)
  3 worker ants (D:4)
  5 big kobold zombies (Ossuary)
  2 hound zombies (D:4)
  2 mummies (Ossuary)
  A worker ant zombie (D:4)
  3 adders
  An ooze (D:1)
  A worm zombie (D:4)
  9 adder zombies
  An adder skeleton (D:4)
  A worm (D:2)
  2 giant geckos
  2 orcs (D:3)
  9 bats
  2 bat skeletons (D:4)
  A bat zombie (D:4)
  2 giant cockroaches
  14 goblins
  7 hobgoblins
  3 jackals (D:3)
  10 kobolds
  A quokka (D:3)
  A ball python (D:3)
  4 giant newts
  5 hobgoblin zombies (Ossuary)
  4 kobold zombies (Ossuary)
  5 orc zombies (Ossuary)
  A quokka skeleton (D:4)
  5 rats
116 creatures vanquished.

Vanquished Creatures (others)
  A giant frog skeleton (D:4)
  A bat zombie (D:4)
2 creatures vanquished.

Grand Total: 118 creatures vanquished

Notes
Turn   | Place    | Note
--------------------------------------------------------------
     0 | Abyss:1  | Fluffy the Demonspawn Abyssal Knight began the quest for the Orb.
     0 | Abyss:1  | Reached XP level 1. HP: 18/18 MP: 2/2
    10 | D:1      | Escaped the Abyss
   189 | D:1      | Reached skill level 1 in Dodging
   189 | D:1      | Gained mutation: You have sharp toenails. [demonic ancestry]
   189 | D:1      | Reached XP level 2. HP: 14/24 MP: 4/4
   903 | D:2      | Gained mutation: You have razor-sharp toenails. [demonic ancestry]
   903 | D:2      | Reached XP level 3. HP: 25/29 MP: 5/5
  1317 | D:2      | Acquired Lugonu's second power
  1606 | D:3      | Noticed Natasha
  1623 | D:3      | Killed Natasha
  1623 | D:3      | Gained mutation: When hurt, damage is shared between your health and your magic reserves. [demonic ancestry]
  1623 | D:3      | Reached XP level 4. HP: 16/35 MP: 6/6
  2230 | D:3      | Acquired Lugonu's third power
  2396 | D:4      | Noticed totalnoob's ghost (experienced DsFi)
  2446 | D:4      | Found a sand-covered staircase.
  2463 | Ossuary  | Entered an ossuary
  2601 | Ossuary  | Reached XP level 5. HP: 29/42 MP: 4/7
  2611 | Ossuary  | Reached skill level 4 in Invocations
  2755 | Ossuary  | Reached XP level 6. HP: 37/48 MP: 7/9
  3560 | D:4      | Reached XP level 7. HP: 50/55 MP: 8/10
  3581 | D:4      | Acquired Lugonu's fourth power
  3604 | D:4      | Reached skill level 5 in Invocations
  4201 | D:4      | Noticed an ice beast
  4230 | D:4      | Mangled by an ice beast

Vault maps used:
D:1:      tarquinn_simple_flora_water_c, st_stairs_13
D:3:      minmay_misc_feat_room, wad_floor_pattern_untrapped,
          minmay_goblin_outpost, uniq_natasha
D:4:      serial_undead, serial_undead_c, serial_undead_c, serial_undead_b,
          serial_undead_b, serial_undead_d, serial_undead_b, serial_undead_b,
          serial_undead_d, enter_ossuary_3, first_bread, grunt_qazlal_clouds
Ossuary:  ossuary_tomb_2

Action                   |  1- 3 |  4- 6 |  7- 9 || total
-------------------------+-------+-------+-------++-------
Melee: Falchion          |   105 |   345 |   128 ||   578
  Use: Scroll            |     3 |     7 |     1 ||    11
  Eat: Chunk             |     2 |     3 |     4 ||     9
       Beef jerky        |       |     2 |       ||     2
